[Event "Early-Titled-Tuesday-Blitz-April-23-2024"]
[Site "Chess.com"]
[Date "2024.04.23"]
[Round "9"]
[White "ATM622"]
[Black "azikom"]
[Result "0-1"]
[WhiteElo "2501"]
[BlackElo "2701"]
[TimeControl "180+1"]
[EndTime "9:49:10 PDT"]
[Termination "azikom won by resignation"]

1. d4 c6 2. c4 d5 3. Nf3 Nf6 4. Nbd2 Bf5 5. Nh4 Bg4 6. h3 Bh5 7. g4 Bg6 8. Nxg6 hxg6 9. Bg2 e6 10. Qc2 Na6 11. a3 Be7 12. O-O Rc8 13. b4 Nc7 14. Bb2 O-O 15. e4 Nxe4 16. Nxe4 dxe4 17. Qxe4 Ne8 18. Rad1 Bf6 19. Qb1 Nd6 20. d5 Bxb2 21. dxe6 Be5 22. exf7+ Rxf7 23. Qxg6 Qf6 24. Qc2 Qf4 25.
Rfe1 Rcf8 26. Re2 Nxc4 27. Rd3 Bc7 28. Be4 Ne5 29. Rg3 Bb6 30. Rg2 Nf3+ 31. Bxf3 Qxf3 32. g5 Rf5 33. g6 Qd5 34. Re7 Bxf2+ 35. Rxf2 Rxf2 36.
Qxf2 Rxf2 37. Kxf2 Qf5+ 38. Ke2 Qxg6 39. Re8+ 0-1

[Event "Early-Titled-Tuesday-Blitz-April-23-2024"]
[Site "Chess.com"]
[Date "2024.04.23"]
[Round "9"]
[White "sergoy"]
[Black "jumpingknight20"]
[Result "1-0"]
[WhiteElo "2925"]
[BlackElo "2744"]
[TimeControl "180+1"]
[EndTime "9:49:11 PDT"]
[Termination "sergoy won by resignation"]

1. d4 Nf6 2. c4 e6 3. Nf3 d5 4.
Nc3 Bb4 5. Qa4+ Nc6 6. a3 Bxc3+ 7.
bxc3 O-O 8. Bg5 h6 9. Bh4 g5 10. Bg3 Ne4 11. e3 h5 12. h4 g4 13. Nd2 Nxg3 14. fxg3 Qd6 15. Kf2 Bd7 16. Qc2 b6 17. e4 dxc4 18. e5 Nxe5 19. Ne4 Nd3+ 20. Bxd3 cxd3 21. Nf6+ Kg7 22. Nxh5+ Kh8 23. Qxd3 e5 24. Rae1 Rae8 25. Qd2 Qg6 26. Qg5 exd4 27. Rxe8 Rxe8 28. cxd4 Qc2+ 29. Kg1 Re1+ 30. Kh2 Rxh1+ 31. Kxh1 Qg6 32. Qd8+ Kh7 33. Nf6+ Kg7 34. Nxd7 Qb1+ 35. Kh2 c6 36. Qf8+ Kh7 37. Qxf7+ Kh6 38. Qf8+ Kh7 39. Qe7+ Kh6 40. Qg5+ 1-0

[Event "Early-Titled-Tuesday-Blitz-April-23-2024"]
[Site "Chess.com"]
[Date "2024.04.23"]
[Round "9"]
[White "Djager97"]
[Black "ChadBiryani"]
[Result "0-1"]
[WhiteElo "2534"]
[BlackElo "2454"]
[TimeControl "180+1"]
[EndTime "9:49:11 PDT"]
[Termination "ChadBiryani won by resignation"]

1. e4 d6 2. d4 Nf6 3. Nc3 e5 4.
Nf3 Nbd7 5. a4 a5 6. Bc4 Be7 7. O-O O-O 8. h3 h6 9. Be3 c6 10. Re1 Re8 11. Qd2 Bf8 12. Rad1 Qc7 13. Bb3 exd4 14.
Bxd4 Ne5 15. Nh4 Be6 16. Bxe6 Rxe6 17. Nf5 Nc4 18. Qf4 Nd7 19. Rd3 Nce5 20. Rg3 Kh7 21. Qh4 Ng6 22. Qh5 Nde5 23. Ne2 Rae8 24. f4 c5 25. Bc3 Nc6 26. Bxg7 Bxg7 27. Nxg7 Kxg7 28. f5 Rf6 29. Nc3 Nb4 30. e5 Rxe5 31. Rxe5 dxe5 32. Ne4 Rc6 33. fxg6 Rxg6 34. Rf3 Nd5 35. Ng3 Nf4 36.
Nf5+ Kh7 37. Rg3 Nxh5 0-1

[Event "Early-Titled-Tuesday-Blitz-April-23-2024"]
[Site "Chess.com"]
[Date "2024.04.23"]
[Round "9"]
[White "Attacker88"]
[Black "DonJuanEGenaro"]
[Result "1-0"]
[WhiteElo "2384"]
[BlackElo "2047"]
[TimeControl "180+1"]
[EndTime "9:49:13 PDT"]
[Termination "Attacker88 won on time"]

1. e4 c5 2. Nf3 Nc6 3. d4 cxd4 4. Nxd4 Nf6 5. Nc3 d6 6. Bg5 Qb6 7. Nb3 e6 8. Qd2 a6 9. O-O-O Bd7 10. f3 Qc7 11. g4 b5 12. Bxf6 gxf6 13. f4 b4 14. Ne2 a5 15. Nbd4 Nxd4 16. Nxd4 Rb8 17. Kb1 h5 18. gxh5 Rxh5 19. f5 Bh6 20. Qe2 Rh4 21.
Qf2 Rxe4 22. fxe6 Bxe6 23. Bg2 Rf4 24. Qg3 Rc8 25. Rhe1 Rxd4 26. Rxe6+ fxe6 27. Qg8+ Kd7 28. Qf7+ Kd8 29. Qxf6+ Ke8 30. Qxe6+ Kd8 31. Qf6+ Qe7 32. Qxd4 1-0

[Event "Early-Titled-Tuesday-Blitz-April-23-2024"]
[Site "Chess.com"]
[Date "2024.04.23"]
[Round "9"]
[White "IwkooO"]
[Black "Durarbayli"]
[Result "0-1"]
[WhiteElo "2716"]
[BlackElo "2931"]
[TimeControl "180+1"]
[EndTime "9:49:14 PDT"]
[Termination "Durarbayli won by resignation"]

1. e4 c5 2. Nf3 d6 3. Bb5+ Nd7 4. c3 Nf6 5. Qe2 a6 6. Ba4 b5 7. Bc2 Bb7 8. d4 g6 9. O-O Bg7 10. Re1 e5 11. Nbd2 exd4 12. cxd4 O-O 13. d5 Re8 14. Qd1 c4 15. Nf1 Nc5 16. Ng3 Ng4 17. h3 Ne5 18.
Nxe5 Bxe5 19. Rb1 Qh4 20. Qf3 Re7 21. Be3 Rae8 22. Nf1 Bg7 23. Bxc5 dxc5 24. Red1 Bd4 25. b3 cxb3 26. axb3 a5 27. Rd2 Rd8 28. Rbd1 Rd6 29. Rxd4 cxd4 30. Rxd4 Qf6 31. Qxf6 Rxf6 32. d6 Re8 33. e5 Rfe6 34. f4 f6 35. exf6 Rxf6 36. Bd3 Bc6 37. Nd2 Rd8 38. Be4 Rfxd6 39. Rxd6 Rxd6 40. Bxc6 Rxc6 0-1

[Event "Early-Titled-Tuesday-Blitz-April-23-2024"]
[Site "Chess.com"]
[Date "2024.04.23"]
[Round "9"]
[White "Skatchkov_V"]
[Black "Slovineanu"]
[Result "1-0"]
[WhiteElo "2664"]
[BlackElo "2496"]
[TimeControl "180+1"]
[EndTime "9:49:14 PDT"]
[Termination "Skatchkov_V won by resignation"]

1. d4 Nf6 2. c4 e6 3. Nf3 d5 4.
g3 Be7 5. Bg2 O-O 6. Nc3 dxc4 7.
Ne5 Nc6 8. Bxc6 bxc6 9. Nxc6 Qe8 10. Nxe7+ Qxe7 11. Qa4 c5 12. dxc5 Qxc5 13. Be3 Qh5 14. Qxc4 Bb7 15. f3 Bxf3 16. O-O Bb7 17. Qh4 Qxh4 18.
gxh4 Nd5 19. Nxd5 Bxd5 20. Bd4 f6 21. Rac1 a5 22. a3 a4 23. Rc7 Rf7 24. Rfc1 Rxc7 25. Rxc7 h5 26. Kf2 Rd8 27. Bc3 Bb3 28. Ke3 Rd1 29. Rc8+ Kh7 30. Rc7 Rh1 31. Bxf6 Rxh2 32.
Rxg7+ Kh6 33. Rd7 Bc4 34. Rd2 Kg6 35. Bg5 Kf5 36. Kf3 Bd5+ 37. Kg3 Rg2+ 38. Kh3 Rg4 39. Rc2 Bg2+ 40. Kh2 Be4 41. Rc5+ e5 42. Kh3 Rg2 43. e3 Rxb2 44. Bf4 Rb3 45. Rxe5+ Kf6 46. Rxe4 Rxa3 47. Re8 Kf5 48. Kg3 Ra1 49. Re5+ Kf6 50. Rxh5 Kg6 51. Rg5+ Kh6 52. Ra5+ Kh7 53. Be5 Re1 54. Bd4 Rg1+ 55. Kh3 1-0

[Event "Early-Titled-Tuesday-Blitz-April-23-2024"]
[Site "Chess.com"]
[Date "2024.04.23"]
[Round "9"]
[White "Zurability"]
[Black "bescmelasti"]
[Result "1-0"]
[WhiteElo "2744"]
[BlackElo "2612"]
[TimeControl "180+1"]
[EndTime "9:49:16 PDT"]
[Termination "Zurability won on time"]

1. e4 c5 2. Nf3 e6 3. b3 Nc6 4. Bb2 a6 5. g3 d6 6. Bg2 e5 7.
O-O Nf6 8. Re1 g6 9. h3 Bg7 10.
c3 O-O 11. d4 b5 12. Nbd2 Re8 13. d5 Ne7 14. c4 Bd7 15. Qc2 Qc7 16. Kh2 Nh5 17.
Rac1 b4 18. Nf1 Bh6 19. Ra1 f5 20. exf5 Bxf5 21. Qe2 Bg7 22. Ne3 Nf6 23. Ng5 Bh6 24. Ne6 Qd7 25. Nxf5 Nxf5 26. f4 Nd4 27. Qf2 exf4 28.
Nxd4 cxd4 29. Bxd4 fxg3+ 30. Qxg3 Nh5 31. Qg4 Bf4+ 32.
Kg1 Qc7 33. Re6 Rxe6 34. dxe6 Qf7 35. exf7+ 1-0

[Event "Early-Titled-Tuesday-Blitz-April-23-2024"]
[Site "Chess.com"]
[Date "2024.04.23"]
[Round "9"]
[White "sonicdravise"]
[Black "ccccvhhhj"]
[Result "1-0"]
[WhiteElo "2612"]
[BlackElo "2461"]
[TimeControl "180+1"]
[EndTime "9:49:16 PDT"]
[Termination "sonicdravise won on time"]

1. Nf3 e6 2. c4 d5 3. e3 c6 4. b3 Nf6 5. Nc3 Be7 6. Bb2 O-O 7. d4 b6 8. Bd3 Bb7 9. O-O Nbd7 10.
Qe2 c5 11. cxd5 exd5 12. Rac1 Rc8 13. Ba6 Qc7 14. Bxb7 Qxb7 15. dxc5 bxc5 16. Rfd1 Rfd8 17. Na4 h6 18. Ne5 Nxe5 19. Bxe5 c4 20. Rb1 cxb3 21. Rxb3 Qd7 22. Nc3 Qe6 23. Bd4 Ne4 24. h3 Bf6 25.
Bxf6 Nxf6 26. Qd3 a5 27. Rb5 Ra8 28. Nxd5 Nxd5 29. Rxd5 Re8 30. a4 Rac8 31. Qd2 Rc4 32. Qxa5 Rc2 33. R5d2 Rxd2 34. Rxd2 Qb3 35. Rd8 1-0

[Event "Early-Titled-Tuesday-Blitz-April-23-2024"]
[Site "Chess.com"]
[Date "2024.04.23"]
[Round "9"]
[White "campochess"]
[Black "StelaSfw"]
[Result "1-0"]
[WhiteElo "2150"]
[BlackElo "1652"]
[TimeControl "180+1"]
[EndTime "9:49:16 PDT"]
[Termination "campochess won by resignation"]

1. Nf3 Nf6 2. b3 g6 3. Bb2 Bg7 4. c4 O-O 5. g3 c5 6. Bg2 d6 7. O-O Nc6 8. d3 Bg4 9. Nbd2 a6 10. h3 Bf5 11. e4 Be6 12. Re1 b5 13. Nf1 Qc7 14. Ne3 Nd4 15. Bxd4 cxd4 16. Nc2 bxc4 17. bxc4 Nd7 18. Ncxd4 Qc5 19. Nxe6 fxe6 20. Rb1 Ne5 21. d4 Nxf3+ 22. Bxf3 Bxd4 23. Rf1 Qxc4 24. Rb7 Rae8 25. Qb1 e5 26. Kg2 Qc3 27. Qb3+ Qxb3 28. Rxb3 a5 29. Bg4 Ra8 30. Be6+ Kg7 31. Bd5 Ra7 32.
f4 a4 33. Rd3 Ra5 34. Rb1 exf4 35. Rxd4 f3+ 36. Kf2 Rc5 37. Rb2 Rc3 38. Rxa4 Kf6 39. Rc4 Ra3 40. Rc7 e6 41. Bb3 Ke5 42. Rxh7 Kxe4 43.
Rc2 Rf6 44. Rc4+ Kd5 45. Ra4+ Kc5 46. Rxa3 d5 47. Raa7 Kb4 48. Raf7 Rxf7 49. Rxf7 Ka3 50. Kxf3 1-0

[Event "Early-Titled-Tuesday-Blitz-April-23-2024"]
[Site "Chess.com"]
[Date "2024.04.23"]
[Round "9"]
[White "Arteler"]
[Black "LamaChampetre"]
[Result "0-1"]
[WhiteElo "2321"]
[BlackElo "2255"]
[TimeControl "180+1"]
[EndTime "9:49:17 PDT"]
[Termination "LamaChampetre won by checkmate"]

1. e4 c5 2. Nf3 g6 3. d4 cxd4 4. Nxd4 Nc6 5. Nc3 Bg7 6. Be3 Nf6 7. Bc4 O-O 8. Bb3 Re8 9. f3 e6 10. Qd2 d5 11. exd5 Nxd5 12. Nxd5 exd5 13. O-O-O Bd7 14. Bxd5 Qh4 15. Nxc6 Bxc6 16. Bxc6 Rxe3 17. Kb1 Bh6 18. Bd5 Rae8 19. g3 Qf6 20. f4 Bg7 21. c3 Re2 22. Qd3 R8e3 23. Qc4 Qf5+ 24. Ka1 Qc2 25. Qb3 Qf5 26.
a3 b6 27. Bc4 h5 28. Bxe2 Rxe2 29. Rhe1 Rxh2 30. Re8+ Kh7 31. Re7 Kg8 32. Rd8+ Bf8 33. Ree8 Rh1+ 34. Ka2 Qb1# 0-1

[Event "Early-Titled-Tuesday-Blitz-April-23-2024"]
[Site "Chess.com"]
[Date "2024.04.23"]
[Round "9"]
[White "dianamirza"]
[Black "N_I_Chess"]
[Result "0-1"]
[WhiteElo "2005"]
[BlackElo "2381"]
[TimeControl "180+1"]
[EndTime "9:49:19 PDT"]
[Termination "N_I_Chess won on time"]

1. d4 Nf6 2. Nf3 d5 3. b3 Bf5 4. Bb2 e6 5. Nbd2 Bd6 6. e3 O-O 7. Nh4 Bg4 8. f3 Bh5 9. g3 c5 10. Bd3 Nc6 11. a3 cxd4 12. exd4 e5 13. dxe5 Nxe5 14.
O-O Nxd3 15. cxd3 Re8 16. Nf5 Be5 17. d4 Bc7 18. Rc1 Bb6 19. g4 Bg6 20. h4 Bxf5 21.
gxf5 Qd7 22. Qc2 Re3 23. Rfe1 Rxe1+ 24. Rxe1 h6 25. Qd3 Bc7 26. Kg2 Qd6 27. Rg1 Qg3+ 28.
Kf1 Qh3+ 29. Rg2 Qxh4 30. Kg1 Re8 31. Nf1 Nh5 32. Rg4 Qh3 33. Rg2 Nf4 0-1

[Event "Early-Titled-Tuesday-Blitz-April-23-2024"]
[Site "Chess.com"]
[Date "2024.04.23"]
[Round "9"]
[White "HanSchut"]
[Black "Unkreativ3"]
[Result "0-1"]
[WhiteElo "2331"]
[BlackElo "2583"]
[TimeControl "180+1"]
[EndTime "9:49:20 PDT"]
[Termination "Unkreativ3 won by resignation"]

1. e4 e6 2. d4 d5 3. e5 c5 4. c3 Nc6 5. Nf3 Qb6 6. Bd3 Bd7 7. dxc5 Bxc5 8. O-O a5 9. Qe2 Nge7 10. h4 Qc7 11.
Nbd2 Ng6 12. Re1 Nf4 13. Qf1 Nxd3 14. Qxd3 Ne7 15. Nb3 Ba7 16. Be3 a4 17. Nbd4 Qa5 18.
b4 Qa6 19. Qd2 Rc8 20. a3 Bb8 21. Rac1 Qc4 22. Bg5 Nc6 23. g3 Na7 24. h5 h6 25.
Bf4 Nb5 26. Nxb5 Bxb5 27. Nd4 Ba7 28. Be3 Bb8 29. f4 Bd7 30. g4 g6 31. hxg6 fxg6 32.
Qc2 Kf7 33. f5 gxf5 34. gxf5 Rcg8+ 35. Kh2 Bxe5+ 36. Kh1 exf5 37. Nxf5 d4 38. cxd4 Bc6+ 0-1

[Event "Early-Titled-Tuesday-Blitz-April-23-2024"]
[Site "Chess.com"]
[Date "2024.04.23"]
[Round "9"]
[White "Iskusnyh"]
[Black "GalaxyRoman"]
[Result "0-1"]
[WhiteElo "2639"]
[BlackElo "2787"]
[TimeControl "180+1"]
[EndTime "9:49:21 PDT"]
[Termination "GalaxyRoman won on time"]

1. d4 Nf6 2. c4 e6 3. g3 Bb4+ 4.
Bd2 a5 5. Bg2 O-O 6. e4 d6 7.
Ne2 c5 8. Nbc3 Nc6 9. a3 Bxc3 10. Bxc3 e5 11. d5 Nd4 12. O-O b5 13. Bxd4 exd4 14. cxb5 a4 15. b4 Re8 16. bxc5 dxc5 17. Qd3 Qb6 18. f4 Ng4 19. e5 Ne3 20. Rfc1 Bb7 21. Be4 Nxd5 22. Bxh7+ Kh8 23. Be4 Ne3 24. Rab1 f5 25.
Bxf5 Rad8 26. Nc3 c4 27. Qe2 dxc3 28. Qh5+ Kg8 29. Qh7+ Kf8 30. Bg6 Ng4+ 0-1

[Event "Early-Titled-Tuesday-Blitz-April-23-2024"]
[Site "Chess.com"]
[Date "2024.04.23"]
[Round "9"]
[White "HajiyevKanan"]
[Black "LLariMarc"]
[Result "1/2-1/2"]
[WhiteElo "2617"]
[BlackElo "2489"]
[TimeControl "180+1"]
[EndTime "9:49:21 PDT"]
[Termination "Game drawn by repetition"]

1. d4 Nf6 2. Nf3 g6 3. g3 Bg7 4. Bg2 O-O 5. O-O d5 6. b3 c5 7.
Bb2 Nbd7 8. e3 b6 9. Nbd2 Bb7 10. Ne5 Rc8 11. c4 e6 12. Rc1 Nxe5 13. dxe5 Nd7 14. f4 Nb8 15. cxd5 Bxd5 16. Nc4 Bxc4 17. Rxc4 Nc6 18. Rc2 Qxd1 19. Rxd1 Nb4 20. Rcd2 Nxa2 21. Ra1 Nb4 22. Rxa7 Rfd8 23. Rdd7 Rxd7 24. Rxd7 Bf8 25. Bb7 Rb8 26. e4 h5 27. Kf2 Nc2 28. Ke2 Nd4+ 29. Bxd4 cxd4 30. Kd3 Bc5 31. h3 Kf8 32. g4 hxg4 33.
hxg4 Ke8 34. Bc6 Kf8 35. f5 Be7 36. f6 Bb4 37. Kxd4 Rc8 38. Rb7 Rd8+ 39. Bd7 Bc5+ 40. Kc4 g5 41. b4 Be3 42. Kd3 Bg1 43. Kc4 Bh2 44. Kd4 Bg1+ 45. Kc4 Bh2 46. Kd4 Kg8 47.
b5 Bg1+ 48. Kc4 Bh2 49. Kd4 Kh7 50.
Kc4 Kg6 51. Kd4 Ra8 52. Bc6 Ra4+ 53. Kd3 Bxe5 54. Be8 Ra3+ 55. Kc4 Ra4+ 56. Kb3 Rxe4 57. Rxf7 Bxf6 58. Rf8+ Kg7 59. Rf7+ Kg6 60. Rf8+ Kg7 61. Rf7+ Kg6 1/2-1/2

[Event "Early-Titled-Tuesday-Blitz-April-23-2024"]
[Site "Chess.com"]
[Date "2024.04.23"]
[Round "9"]
[White "joshdaruca"]
[Black "AlphaGoosee"]
[Result "1/2-1/2"]
[WhiteElo "2750"]
[BlackElo "2641"]
[TimeControl "180+1"]
[EndTime "9:49:22 PDT"]
[Termination "Game drawn by repetition"]

1. b3 d5 2. Bb2 Nf6 3. Nf3 c6 4. d3 Bf5 5. Nh4 Bg4 6. h3 Bc8 7. Nd2 g6 8. e4 Bg7 9. e5 Nfd7 10. f4 e6 11. Nhf3 c5 12. c4 Nc6 13. cxd5 exd5 14. d4 cxd4 15. Bb5 Qb6 16. Bxc6 bxc6 17. Bxd4 c5 18. Bb2 Ba6 19. Kf2 O-O 20. Re1 Rfe8 21.
Kg1 Nf8 22. Rc1 Ne6 23. g3 Rad8 24. h4 h5 25. Ng5 Nxg5 26. hxg5 Bc8 27. Qe2 Bf8 28.
Qf2 Bf5 29. Nf1 Qa6 30. Ba1 Be4 31. Nd2 Bf5 32. Nf3 d4 33. Nh4 d3 34. Qd2 Bg4 35.
Rc4 Be6 36. Ra4 Qb7 37. Kh2 Rd7 38. Re3 Red8 39. f5 gxf5 40. Rf4 c4 41. Nxf5 cxb3 42. Nh6+ Bxh6 43. gxh6 Rc8 44. Re2 dxe2 45. Rg4+ Bxg4 46. Qg5+ Kf8 47. Qg7+ Ke8 48. Qh8+ Ke7 49. Qf6+ Ke8 50.
Qh8+ Ke7 51. Qf6+ Ke8 52. Qh8+ 1/2-1/2

[Event "Early-Titled-Tuesday-Blitz-April-23-2024"]
[Site "Chess.com"]
[Date "2024.04.23"]
[Round "9"]
[White "MagnusCarlsen"]
[Black "Oleksandr_Bortnyk"]
[Result "1-0"]
[WhiteElo "3231"]
[BlackElo "3122"]
[TimeControl "180+1"]
[EndTime "9:49:23 PDT"]
[Termination "MagnusCarlsen won by resignation"]

1. d4 Nf6 2. c4 b6 3. Nf3 Bb7 4. g3 g6 5. Bg2 Bg7 6. O-O O-O 7. h4 d6 8. Nc3 Ne4 9. h5 Nxc3 10. bxc3 Nc6 11. h6 Bh8 12. e4 Na5 13. Re1 Nxc4 14. a4 c5 15. Qe2 Na5 16. Rb1 cxd4 17. cxd4 Rc8 18. Bf4 Qd7 19. e5 Bxf3 20. Bxf3 dxe5 21. Bxe5 Nc4 22. Bxh8 Kxh8 23. Rbc1 Nd6 24. Bg4 e6 25. d5 Rxc1 26. Rxc1 Nf5 27. Qe5+ f6 28. Qxe6 Qxe6 29. dxe6 Ne7 30. Rc7 Re8 31. Rxa7 Kg8 32. Be2 Kf8 33.
Rb7 Nd5 34. Bc4 Ne7 35. Rxb6 Rc8 36. Bb5 Nf5 37. Rb7 Rc1+ 38. Kg2 Re1 39. a5 Nd6 40. a6 Ra1 41. Rxh7 Nxb5 42. Rh8+ Ke7 43.
h7 Nc7 44. Rc8 Nxe6 45. h8=Q 1-0

[Event "Early-Titled-Tuesday-Blitz-April-23-2024"]
[Site "Chess.com"]
[Date "2024.04.23"]
[Round "9"]
[White "Manukyan_Artak"]
[Black "viktorskliarov"]
[Result "1/2-1/2"]
[WhiteElo "2467"]
[BlackElo "2601"]
[TimeControl "180+1"]
[EndTime "9:49:23 PDT"]
[Termination "Game drawn by repetition"]

1. e4 c5 2. Nf3 Nc6 3. c3 Nf6 4. e5 Nd5 5. d4 cxd4 6. cxd4 e6 7. Nc3 d6 8. Bd3 dxe5 9. dxe5 Ndb4 10. Be4 Qxd1+ 11. Kxd1 f5 12. exf6 gxf6 13. a3 Na6 14.
b4 Nc7 15. Kc2 Bd7 16. Bb2 Rg8 17. g3 f5 18. Bd3 Bg7 19. Rhd1 O-O-O 20. Bc4 Rge8 21.
Kb3 Ne5 22. Nxe5 Bxe5 23. Rac1 Bc6 24. Rxd8+ Rxd8 25. Nb5 Bxb5 26. Bxe5 Bxc4+ 27. Rxc4 Rd7 28. Kc3 Kd8 29. Bxc7+ Rxc7 30. Kd4 Rd7+ 31. Ke5 Ke7 32.
Rd4 Rxd4 33. Kxd4 Kd6 34. f4 b5 35. h3 h5 36. h4 a6 37. Ke3 Kd5 38. Kd3 Kc6 39.
Kd4 Kd6 40. Ke3 Kd5 41. Kd3 Kc6 42. Kd4 Kd6 1/2-1/2

[Event "Early-Titled-Tuesday-Blitz-April-23-2024"]
[Site "Chess.com"]
[Date "2024.04.23"]
[Round "9"]
[White "Tagir45"]
[Black "CSB7"]
[Result "1/2-1/2"]
[WhiteElo "2663"]
[BlackElo "2802"]
[TimeControl "180+1"]
[EndTime "9:49:24 PDT"]
[Termination "Game drawn by repetition"]

1. d4 Nf6 2. c4 e6 3. Nf3 b6 4. g3 Ba6 5. Qc2 Bb4+ 6. Bd2 Be7 7. e4 d5 8. cxd5 Bxf1 9. Kxf1 exd5 10. e5 Ne4 11.
Nc3 Nxc3 12. bxc3 O-O 13. h4 f5 14. exf6 Bxf6 15. Ng5 Bxg5 16. hxg5 g6 17. Kg2 Qd7 18. Rh6 Rf7 19. Rah1 Rg7 20. Bf4 Nc6 21. Be5 Nxe5 22. dxe5 c5 23. f4 Rd8 24. Rd1 Qe6 25. Rhh1 Rgd7 26.
Kh2 d4 27. cxd4 Rxd4 28. Rxd4 Rxd4 29. Rd1 Rxd1 30. Qxd1 Qxa2+ 31. Kh3 Qe6+ 32. g4 Qc6 33. Qd8+ Kf7 34. Kh2 Qf3 35. Qd7+ Kg8 36. Qe8+ Kg7 37.
Qe7+ Kg8 38. Qe6+ Kg7 39. Qf6+ Kg8 40. e6 Qf2+ 41. Kh1 Qf3+ 42. Kh2 Qf2+ 43. Kh1 Qf1+ 44.
Kh2 Qf2+ 1/2-1/2

[Event "Early-Titled-Tuesday-Blitz-April-23-2024"]
[Site "Chess.com"]
[Date "2024.04.23"]
[Round "9"]
[White "AljoschaFeuerstack"]
[Black "kacperkarwowski"]
[Result "1-0"]
[WhiteElo "2609"]
[BlackElo "2512"]
[TimeControl "180+1"]
[EndTime "9:49:25 PDT"]
[Termination "AljoschaFeuerstack won by resignation"]

1. e4 c5 2. Nf3 e6 3. d3 Nc6 4. g3 g6 5. Bg2 Bg7 6. O-O Nge7 7. Re1 d6 8. c3 e5 9. a3 Be6 10. b4 b6 11. b5 Na5 12. Be3 d5 13. Ng5 d4 14.
Nxe6 fxe6 15. Bg5 h6 16. Bd2 Nb7 17. Bh3 Qd6 18. Qg4 Kf7 19. Bc1 Raf8 20. Nd2 h5 21. Qe2 Nc8 22. Nf3 Bf6 23. Bg5 Kg7 24. Rac1 dxc3 25. Rxc3 Bxg5 26. Nxg5 Rf6 27. Rc4 Qe7 28. f4 exf4 29. e5 Rf5 30. Bxf5 Qxg5 31. Bxe6 fxg3 32. Qg2 gxh2+ 33. Kxh2 Qxg2+ 34. Kxg2 Re8 35. Bd7 Rd8 36. e6 Ne7 37. Rf4 Nf5 38. Rxf5 Nd6 39.
e7 Rxd7 40. Rd5 Kf7 41. Rxd6 Rxe7 42. Rxe7+ Kxe7 43. Rxg6 1-0

[Event "Early-Titled-Tuesday-Blitz-April-23-2024"]
[Site "Chess.com"]
[Date "2024.04.23"]
[Round "9"]
[White "MaxLeto"]
[Black "average_trans"]
[Result "1-0"]
[WhiteElo "2429"]
[BlackElo "2227"]
[TimeControl "180+1"]
[EndTime "9:49:26 PDT"]
[Termination "MaxLeto won by checkmate"]

1. g4 e6 2. Bg2 d5 3. d4 Be7 4. c4 c6 5. Nc3 h5 6. gxh5 Rxh5 7. e4 Rh8 8. Nge2 dxc4 9. Be3 Nf6 10. Qd2 Nbd7 11.
Ng3 Nb6 12. O-O-O Bd7 13. Kb1 a5 14. h4 a4 15. a3 Nc8 16. d5 cxd5 17. exd5 e5 18.
f4 e4 19. Ncxe4 Nxe4 20. Nxe4 Bf5 21. Ka1 Bxe4 22. Bxe4 Nd6 23. Bb1 b5 24. Bd4 Nb7 25. Bxg7 Rg8 26. Be5 b4 27. d6 bxa3 28. dxe7 axb2+ 29. Qxb2 Qxe7 30. Qb5+ Kf8 31. Rd7 Qa3+ 32. Ba2 Rg2 33.
Qxc4 Qb3 34. Rxf7+ Kg8 35. Rg7+ Kh8 36. Rxg2+ Kh7 37.
Rg7+ Kh6 38. Qc6+ Nd6 39. Qxd6+ Qe6 40. Qxe6+ Kh5 41. Qf7+ Kh6 42. Qg6# 1-0

[Event "Early-Titled-Tuesday-Blitz-April-23-2024"]
[Site "Chess.com"]
[Date "2024.04.23"]
[Round "9"]
[White "rezamahdavi2008"]
[Black "AryanTari"]
[Result "1/2-1/2"]
[WhiteElo "2912"]
[BlackElo "2950"]
[TimeControl "180+1"]
[EndTime "9:49:28 PDT"]
[Termination "Game drawn - insufficient material"]

1. e4 e5 2. Nf3 Nc6 3. Nc3 Nf6 4. d4 exd4 5. Nxd4 Bb4 6. Nxc6 bxc6 7. Bd3 d5 8. exd5 O-O 9. O-O cxd5 10. h3 Rb8 11.
Qf3 Re8 12. Bf4 Bd6 13. b3 Rb4 14. Bxd6 Qxd6 15. Rfe1 Rxe1+ 16. Rxe1 Be6 17. Ne2 c5 18. c3 Rb8 19. Nf4 Bd7 20. Qg3 Rb6 21. Qg5 h6 22.
Qe5 Qxe5 23. Rxe5 Rd6 24. h4 Kf8 25. f3 Bc6 26. Kf2 Nd7 27. Re2 Nb6 28. g4 c4 29.
Bc2 d4 30. Rd2 d3 31. Bb1 Rf6 32. Ke3 g5 33. hxg5 hxg5 34. Nh5 Rxf3+ 35. Kd4 f5 36. gxf5 g4 37. bxc4 g3 38. Bxd3 g2 39. Rxg2 Rxd3+ 40. Kxd3 Bxg2 41. Kd4 Kf7 42. Nf4 Bc6 43. c5 Nd7 44. Nd5 Nf6 45. Nxf6 Kxf6 46. c4 Kxf5 47. Kc3 Ke4 48. Kb2 Kd4 49. Ka1 Kc3 50. a4 Kb3 51.
Kb1 a5 52. Ka1 Kb4 53. Kb1 Kxa4 54. Ka1 Kb3 55. Kb1 a4 56. Ka1 a3 57. Kb1 Kxc4 58. Ka2 Kxc5 59. Kxa3 1/2-1/2

[Event "Early-Titled-Tuesday-Blitz-April-23-2024"]
[Site "Chess.com"]
[Date "2024.04.23"]
[Round "9"]
[White "hakanazeri2"]
[Black "Crazy_girl99"]
[Result "1-0"]
[WhiteElo "2564"]
[BlackElo "2605"]
[TimeControl "180+1"]
[EndTime "9:49:28 PDT"]
[Termination "hakanazeri2 won by checkmate"]

1. Nf3 d5 2. g3 Nf6 3. Bg2 g6 4.
b3 Bg7 5. Bb2 O-O 6. c4 e6 7.
O-O c5 8. cxd5 exd5 9. d4 Ne4 10. Nc3 Nc6 11. e3 Bg4 12. h3 Bf5 13. Rc1 cxd4 14. Nxd4 Nxd4 15. exd4 Nxc3 16. Rxc3 Qd7 17. g4 Be6 18. Qd2 f5 19. Rfc1 fxg4 20. Rc7 Qd6 21. hxg4 Bxg4 22. Rxb7 Rac8 23. Rc5 Be6 24. Qa5 Qf4 25. Qe1 Bf7 26. Rxf7 Qxf7 27. Bxd5 Rxc5 28. Bxf7+ Kxf7 29. dxc5 Bxb2 30. Qe2 Bf6 31. Qc4+ Kg7 32. c6 Rc8 33. Qe6 Rc7 34. Qd6 Re7 35. c7 Re1+ 36.
Kg2 Rc1 37. Qd7+ Kh6 38. c8=Q Rxc8 39. Qxc8 Bd4 40. Qh3+ Kg7 41. Qd7+ Kh6 42. Qxd4 a5 43. a3 g5 44. b4 Kh5 45. bxa5 h6 46. a6 g4 47. a7 Kh4 48. a8=Q h5 49. Qad8# 1-0

[Event "Early-Titled-Tuesday-Blitz-April-23-2024"]
[Site "Chess.com"]
[Date "2024.04.23"]
[Round "9"]
[White "only_strong_moves"]
[Black "GMAneta"]
[Result "1-0"]
[WhiteElo "2699"]
[BlackElo "2501"]
[TimeControl "180+1"]
[EndTime "9:49:28 PDT"]
[Termination "only_strong_moves won by checkmate"]

1. Nc3 d5 2. e4 e6 3. d4 Bb4 4.
exd5 Qxd5 5. Nf3 Nf6 6. Bg5 Nbd7 7. Bd3 b6 8. O-O Bxc3 9. bxc3 Bb7 10. c4 Qa5 11. d5 exd5 12. Re1+ Kf8 13. Bd2 Qc5 14. Rb1 a5 15. Rb5 Qa3 16. Bc1 Qxa2 17. c3 Re8 18. Rxe8+ Kxe8 19. Rb2 Qa1 20. cxd5 Bxd5 21. Nd4 Kd8 22. Qc2 Re8 23. Kf1 Nc5 24. Bb5 Re7 25. c4 Be4 26. Qd1 Bd3+ 27. Kg1 Re4 28. Nb3 Nxb3 29. Rxb3 Rd4 30. Rxd3 Rxd3 31. Qxd3+ Kc8 32. Qd1 Ne4 33. Bc6 Nd6 34. c5 bxc5 35. h3 c4 36.
Kh2 c3 37. Qg4+ f5 38. Qxg7 Kb8 39. Qf8+ Ka7 40. Be3+ Ka6 41. Qa8# 1-0

[Event "Early-Titled-Tuesday-Blitz-April-23-2024"]
[Site "Chess.com"]
[Date "2024.04.23"]
[Round "9"]
[White "Nimrod_Veinberg"]
[Black "Zhigalko_Sergei"]
[Result "1-0"]
[WhiteElo "2807"]
[BlackElo "2925"]
[TimeControl "180+1"]
[EndTime "9:49:29 PDT"]
[Termination "Nimrod_Veinberg won on time"]

1. e4 c5 2. c3 Nf6 3. e5 Nd5 4. Nf3 Nc6 5. Bc4 Nb6 6. Bb3 g6 7. d4 cxd4 8. cxd4 Bg7 9. Nc3 d5 10. h3 O-O 11. O-O Bf5 12. Be3 Rc8 13. Qd2 Na5 14.
Bh6 Nbc4 15. Qf4 Nxb3 16. axb3 Nxb2 17. Ne2 Bd3 18. Rfe1 Be4 19. Bxg7 Kxg7 20. Qe3 Nd3 21. Red1 Nb4 22. Ra4 Qb6 23. Ng5 Nc2 24. Qg3 h6 25. Nxe4 dxe4 26. d5 e3 27. Rf4 Qxb3 28. d6 exd6 29. exd6 Rcd8 30. Kh2 Qb6 31. Rc1 Nb4 32.
Nd4 Nd3 33. Rf3 Nxc1 34. Nf5+ Kh7 35. Qf4 g5 36. Qe4 1-0

[Event "Early-Titled-Tuesday-Blitz-April-23-2024"]
[Site "Chess.com"]
[Date "2024.04.23"]
[Round "9"]
[White "karinachess1"]
[Black "WindWhistler11"]
[Result "1-0"]
[WhiteElo "2616"]
[BlackElo "2532"]
[TimeControl "180+1"]
[EndTime "9:49:31 PDT"]
[Termination "karinachess1 won on time"]

1. d4 d6 2. Nf3 Nf6 3. g3 b5 4. Bg2 Bb7 5. a4 b4 6. c4 bxc3 7. Nxc3 e6 8. O-O Be7 9. Qc2 a5 10. Bd2 Na6 11. Nb5 c6 12. Na3 Nb4 13. Qd1 O-O 14. Re1 Ne4 15. Nc2 Qb6 16. Ne3 d5 17.
Bc3 c5 18. Ne5 Rfd8 19. Nf3 Nc6 20. Nc2 Rac8 21. e3 Ba6 22. dxc5 Nxc5 23. Ncd4 Nd3 24. Re2 Ncb4 25. Rd2 Bf6 26. Bf1 e5 27. Nb5 e4 28.
Nfd4 Bxb5 29. Nxb5 Be5 30. Bxd3 exd3 31. Bxe5 Nc2 32.
Rc1 Nxe3 33. fxe3 Qxe3+ 34. Kg2 Rxc1 35. Qxc1 Qe4+ 36. Kg1 Qe3+ 37. Kh1 Qe4+ 38. Rg2 Qxe5 39. Qd2 Qe4 40. h3 h5 41. Kh2 1-0